 Dungeon Crawl Stone Soup version 0.30-a0-743-gbfdf073431 (webtiles) character file.

Game seed: 1028669933997034041

17878 a11behringer the Cleaver (level 12, -7/116 HPs)
             Began as a Minotaur Berserker on Feb 6, 2023.
             Was an Elder of Trog.
             Killed from afar by Fannar (12 damage)
             ... with a bolt of cold
             ... on level 12 of the Dungeon.
             The game lasted 00:38:02 (10192 turns).

a11behringer the Cleaver (Minotaur Berserker)      Turns: 10192, Time: 00:38:03

Health: -7/116     AC: 18    Str: 26    XL:     12   Next: 22%
Magic:  11/11      EV: 12    Int:  4    God:    Trog [****..]
Gold:   471        SH:  0    Dex: 11    Spells: 11/11 levels left

rFire   + . .      SeeInvis +    t - +2 battleaxe (freeze)
rCold   + . .      Faith    .    (shield currently unavailable)
rNeg    . . .      Spirit   .    l - +3 chain mail
rPois   .          Reflect  .    (helmet restricted)
rElec   .          Harm     .    J - scarf {rC+ rF+}
rCorr   .          Rampage  .    E - +0 pair of gloves
Will    ++...                    A - +0 pair of boots Stlth
                                 b - amulet of regeneration
HPRegen 2.19/turn                z - ring of flight
MPRegen 0.12/turn                g - ring of see invisible

@: strong-willed, on berserk cooldown, flying, regenerating, slowed, studying
Fighting, very slow
A: horns 2, retaliatory headbutt
a: Renounce Religion, Berserk, Trog's Hand, Brothers in Arms


You were on level 12 of the Dungeon.
You worshipped Trog.
Trog was greatly pleased with you.
You visited 1 branch of the dungeon, and saw 12 of its levels.
You also visited: Bailey.

You collected 967 gold pieces.
You spent 496 gold pieces at shops.

Inventory:

Hand Weapons
 h - a -2 executioner's axe
 t - a +2 battleaxe of freezing (weapon)
 H - a +0 war axe
 U - a +3 morningstar
 V - a +4 arbalest
 W - a +2 triple crossbow of electrocution
 Y - a +1 demon whip of venom
Missiles
 i - 69 poisoned darts (quivered)
 o - 2 throwing nets
Armour
 l - a +3 chain mail (worn)
 A - a +0 pair of boots (worn)
 E - a +0 pair of gloves (worn)
 J - a scarf of resistance (worn)
 O - a +0 kite shield
 S - a +1 chain mail of cold resistance
Jewellery
 b - an amulet of regeneration (around neck)
 g - a ring of see invisible (right hand)
 p - a ring of positive energy
 z - a ring of flight (left hand)
 G - an amulet of the acrobat
 P - a ring of protection from cold
Wands
 d - a wand of flame (16)
 s - a wand of roots (13)
 Q - a wand of light (11)
Scrolls
 e - 4 scrolls of magic mapping
 j - 2 scrolls of blinking {unknown}
 k - 4 scrolls of enchant weapon
 n - 6 scrolls of teleportation
 q - a scroll of enchant armour {unknown}
 u - 8 scrolls of vulnerability
 v - a scroll of fear {unknown}
 y - 2 scrolls of silence {unknown}
 N - 2 scrolls of immolation
 X - a scroll of brand weapon {unknown}
 Z - 2 scrolls of identify
Potions
 a - 2 potions of lignification {unknown}
 c - 5 potions of attraction
 f - 2 potions of might
 m - 3 potions of mutation
 r - 2 potions of flight
 w - a potion of experience {unknown}
 x - a potion of cancellation {unknown}
 B - a potion of invisibility {unknown}
 C - a potion of ambrosia {unknown}
 I - 3 potions of curing {unknown}
 K - 3 potions of berserk rage
 M - 2 potions of haste
 T - 2 potions of resistance {unknown}


   Skills:
 * Level 13.7 Fighting
 * Level 13.9 Axes
 - Level 3.4 Ranged Weapons
 * Level 12.3 Armour
 + Level 9.1 Dodging
 - Level 5.4 Shields


You had 11 spell levels left.
You didn't know any spells.
Your spell library was empty.

Dungeon Overview and Level Annotations

Branches:
Dungeon (12/15)            Temple (0/1) D:7            Lair (0/5) D:11
    Orc (0/2) D:12         Bailey (visited)

Altars:
Hepliaklqana
Ru
Sif Muna
Vehumet
Wu Jian
Yredelemnul
The Shining One

Shops:
D:5 =   D:6 *   D:10 :

Annotations:
D:11 3 runed translucent doors
D:12 Fannar


Innate Abilities, Weirdness & Mutations

You have a pair of horns on your head.
You reflexively headbutt those who attack you in melee.


Message History

* * * LOW HITPOINT WARNING * * *
A red film seems to cover your vision as you go berserk!
You feel yourself moving faster!
You feel mighty! Trog will no longer gift you weapons.
The skeletal warrior hits you from afar with a +0 halberd.
* * * LOW HITPOINT WARNING * * *
The skeletal warrior hits you but does no damage.
You slash the skeletal warrior! You freeze the skeletal warrior.
The skeletal warrior is almost destroyed.
You closely miss the skeletal warrior.
The skeletal warrior is almost destroyed.
The skeletal warrior hits you from afar with a +0 halberd!
* * * LOW HITPOINT WARNING * * *
The skeletal warrior hits you with a +0 battleaxe!
* * * LOW HITPOINT WARNING * * *
A skeletal warrior comes into view. It is wielding a +0 war axe.
You open the skeletal warrior like a pillowcase!!!
You freeze the skeletal warrior.
You destroy the skeletal warrior!
Trog accepts your kill.
A gargoyle comes into view. It is wielding a +0 dire flail.
You feel a strong urge to attack something.
You feel your anger nearly subside.
You are too berserk!
You are no longer berserk.
You are exhausted.
You feel yourself slow down.
As you read the scroll of teleportation, it crumbles to dust.
You feel strangely unstable.
The gargoyle hurls a stone arrow at you.
The stone arrow hits you!
* * * LOW HITPOINT WARNING * * *
Your surroundings suddenly seem different.
Fannar and 2 skeletal warriors come into view.
Fannar is wielding a +0 quarterstaff of freezing and wearing a +1 robe of cold resistance.
Found 6 gold pieces.
Fannar shouts!
Fannar gestures at you while chanting. The bolt of cold hits you! You resist.
You die...

... . . ... z$# ##
#.#.#.### ... ...... .
#.z...... #..#+##.....
#.#.#......
........... #.#.....#
..........# .#......e#
..........#..###@#
.......#.............#
.......#.##.#.######.#
.................
.......#.####.###
.....###.##.... ####.#
#.##.#.# ..8#.#
#.##.#.#### )))#.#
#........<#


You could see Fannar and 2 skeletal warriors.

Vanquished Creatures
  A boulder beetle (D:11)
  3 two-headed ogres
  Urug (D:10)
  A skeletal warrior (D:12)
  Nergalle (D:11)
  Lodul (D:12)
  Pikel (D:7)
  An orc knight (Bailey)
  2 cyclopes
  A manticore (D:11)
  A kobold demonologist (D:10)
  An unseen horror (D:12)
  A troll (D:12)
  4 wraiths
  A shadow (D:11)
  2 wyverns
  13 yaks
  4 water moccasins
  14 orc warriors
  2 black bears
  An ice beast (D:7)
  2 sky beasts (D:7)
  10 ogres (D:12)
  7 centaurs
  12 kobold brigands
  9 gnoll sergeants
  4 bullfrogs
  3 scorpions
  10 wights (D:9)
  2 killer bees (D:7)
  2 howler monkeys
  4 hounds
  A jelly (D:6)
  4 iguanas
  10 orc wizards
  Robin (D:3)
  11 adders
  15 gnolls
  2 shadow imps (D:7)
  2 white imps (D:6)
  An ufetubus (D:5)
  4 worms
  A dart slug (D:5)
  48 orcs
  6 ball pythons
  3 bats
  4 endoplasms
  A giant cockroach (D:2)
  14 goblins
  17 hobgoblins
  6 jackals (D:3)
  2 quokkas (D:4)
  6 frilled lizards
  23 kobolds
  2 rats
306 creatures vanquished.

Vanquished Creatures (collateral kills)
  Amaemon (D:10)
  An orange demon (D:10)
  An orc warrior (Bailey)
3 creatures vanquished.

Grand Total: 309 creatures vanquished

Notes
Turn   | Place    | Note
-------+----------+-------------------------------------------
     0 | D:1      | a11behringer the Minotaur Berserker began the quest for the
                  | Orb.
     0 | D:1      | Reached XP level 1. HP: 19/19 MP: 0/0
   254 | D:1      | Reached XP level 2. HP: 15/27 MP: 1/1
   942 | D:2      | HP: 1/27 [poisoned by an adder]
   943 | D:2      | Reached XP level 3. HP: 1/33 MP: 2/2
  1035 | D:2      | Found a faded altar of an unknown god.
  1308 | D:2      | Reached ** piety under Trog
  1655 | D:3      | Noticed Robin
  1666 | D:2      | Reached XP level 4. HP: 23/40 MP: 3/3
  1855 | D:3      | Reached skill level 5 in Axes
  1918 | D:3      | Reached XP level 5. HP: 47/47 MP: 4/4
  1964 | D:3      | Killed Robin
  2256 | D:3      | Found a glowing golden altar of the Shining One.
  2406 | D:3      | Reached *** piety under Trog
  3277 | D:5      | Entered Level 5 of the Dungeon
  3277 | D:5      | Noticed a black bear
  3282 | D:5      | Killed a black bear
  3283 | D:5      | Reached skill level 5 in Fighting
  3283 | D:5      | Reached XP level 6. HP: 56/56 MP: 5/5
  3309 | D:5      | Noticed a water moccasin
  3322 | D:5      | Killed a water moccasin
  3458 | D:5      | Reached XP level 7. HP: 44/61 MP: 6/6
  3917 | D:5      | Reached skill level 5 in Armour
  3928 | D:5      | Found Ugiqe's Jewellery Shoppe.
  4211 | D:6      | Found a hazy altar of Hepliaklqana.
  4334 | D:6      | Reached XP level 8. HP: 68/70 MP: 7/7
  4464 | D:6      | Found Biok's Lightly-Used Armoury.
  4515 | D:6      | Reached skill level 5 in Dodging
  4806 | D:6      | Found a basalt altar of Yredelemnul.
  4806 | D:6      | Found a radiant altar of Vehumet.
  4997 | D:7      | Reached **** piety under Trog
  5148 | D:7      | Noticed Pikel
  5153 | D:7      | Killed Pikel
  5154 | D:7      | Reached XP level 9. HP: 79/79 MP: 8/8
  5184 | D:7      | Found a staircase to the Ecumenical Temple.
  5571 | D:7      | Reached skill level 10 in Axes
  5571 | D:7      | Reached skill level 1 in Shields
  5955 | D:8      | Found a shimmering blue altar of Sif Muna.
  6043 | D:8      | Noticed a two-headed ogre
  6046 | D:8      | Killed a two-headed ogre
  6284 | D:8      | Reached XP level 10. HP: 75/88 MP: 9/9
  6524 | D:9      | Noticed a two-headed ogre
  6531 | D:9      | Killed a two-headed ogre
  6532 | D:9      | Reached skill level 5 in Shields
  6567 | D:9      | Found a flagged portal.
  6605 | Bailey   | Entered a bailey
  6668 | Bailey   | Reached ***** piety under Trog
  6848 | Bailey   | Reached skill level 1 in Ranged Weapons
  6889 | Bailey   | Noticed an orc knight
  6899 | Bailey   | Killed an orc knight
  6998 | D:9      | Reached skill level 10 in Armour
  7752 | D:10     | Entered Level 10 of the Dungeon
  7762 | D:10     | Reached XP level 11. HP: 79/97 MP: 10/10
  7844 | D:10     | Noticed Amaemon
  7851 | D:10     | Killed Amaemon
  7852 | D:10     | Reached skill level 10 in Fighting
  7909 | D:10     | Found a sacrificial altar of Ru.
  7941 | D:10     | Noticed Urug
  7956 | D:10     | Killed Urug
  8262 | D:10     | Noticed a soul eater
  8537 | D:10     | Found Riyso's Book Emporium.
  8762 | D:5      | Bought an amulet of regeneration for 330 gold pieces
  8762 | D:5      | Bought a ring of see invisible for 165 gold pieces
  8842 | D:6      | Bought a -2 executioner's axe for 1 gold piece
  9221 | D:11     | Noticed Nergalle
  9234 | D:11     | Killed Nergalle
  9355 | D:11     | Found a staircase to the Lair.
  9398 | D:11     | Noticed a boulder beetle
  9399 | D:11     | Noticed a steelbarb worm
  9412 | D:11     | a steelbarb worm changed into a lindwurm
  9412 | D:11     | Noticed a lindwurm (glowing shapeshifter)
  9419 | D:11     | Killed a boulder beetle
  9423 | D:11     | Found a runed translucent gate.
  9425 | D:11     | Found a runed translucent gate.
  9425 | D:11     | Noticed a purple ugly thing
  9425 | D:11     | Noticed a white ugly thing
  9425 | D:11     | Noticed a cyan ugly thing
  9426 | D:11     | Found a runed translucent gate.
  9426 | D:11     | Noticed a glowing orange brain
  9426 | D:11     | Noticed a purple ugly thing
  9426 | D:11     | Noticed a cyan ugly thing
  9454 | D:11     | Noticed a mana viper
  9776 | D:12     | Found a staircase to the Orcish Mines.
  9918 | D:12     | Found an ornate altar of the Wu Jian Council.
  9954 | D:12     | Noticed Lodul
  9962 | D:12     | Reached XP level 12. HP: 87/113 MP: 11/11
  9964 | D:12     | Killed Lodul
 10009 | D:12     | Noticed a two-headed ogre
 10015 | D:12     | Killed a two-headed ogre
 10184 | D:12     | HP: 8/172 [skeletal warrior/+0 battleaxe (13)]
 10191 | D:12     | HP: 1/116 [gargoyle/stone arrow (13)]
 10192 | D:12     | Noticed Fannar
 10192 | D:12     | Killed from afar by Fannar

Illustrated notes

Levels and vault maps discovered:
D:1:      wheals_arrival_shading, layout_basic
D:2:      layout_loops_cross, shapermc_ecumenical_altar_mp_highgroup,
          roderic_nine_men_s_morris, kennysheep_generic_room_9
D:3:      layout_basic, mainiacjoe_overflow_alcove_4, uniq_robin
D:4:      layout_basic
D:5:      layout_loops_ring, serial_shops, nicolae_shop_advertising_works
          [nicolae_subvault_shop_adworks]
D:6:      layout_loops_ring, mainiacjoe_overflow_tiny_flanked,
          gammafunk_temple_overflow_elements, minmay_shop_damaged
D:7:      layout_rooms, minmay_temple_entry_junction_2,
          minmay_increasing_density, uniq_pikel
D:8:      layout_loops_ring, mainiacjoe_overflow_brackets,
          minmay_strange_pillars, hangedman_decor_peaks_small
D:9:      layout_irregular_city, enter_bailey_4, minmay_liquid_box
D:10:     layout_roguey, hangedman_ru_absence, serial_shops,
          nicolae_shop_crystal, special_room [special_room_kobold],
          nrook_mini_vaults, uniq_urug, uniq_amaemon
D:11:     layout_roguey, lair_entry_dummy,
          ploomutoo_gammafunk_ghost_potion_laboratory, uniq_nergalle
D:12:     layout_basic, kennysheep_orc_monster_closet_entryway,
          nicolae_wu_jian_wuxing_cycle, uniq_snorg, uniq_sonja, uniq_fannar,
          uniq_lodul

Skill      XL: |  1  2  3  4  5  6  7  8  9 10 11 12 |
---------------+-------------------------------------+-----
Axes           | 4 5 6 7 9 10 12 13 | 13.9
Fighting       | 4 5 6 7 8 9 12 13 | 13.7
Armour         | 3 4 6 8 9 10 11 12 | 12.3
Dodging        | 3 4 6 7 8 9 |  9.1
Shields        | 3 5 |  5.4
Ranged Weapons | 2 3 |  3.4

Action                     |  1- 3 |  4- 6 |  7- 9 | 10-12 || total
---------------------------+-------+-------+-------+-------++-------
  Melee: Hand axe          |    87 |   165 |    60 |       ||   312
         Headbutt          |    11 |    21 |    32 |    74 ||   138
         Punch             |     1 |     1 |       |       ||     2
         War axe           |       |       |    45 |       ||    45
         Battleaxe         |       |       |   130 |   334 ||   464
 Invoke: Berserk           |     1 |     1 |     5 |     7 ||    14
         Trog's Hand       |       |     2 |     2 |     7 ||    11
         Brothers in Arms  |       |       |       |     2 ||     2
    Use: Potion            |     1 |       |       |     1 ||     2
         Scroll            |       |       |     9 |     5 ||    14
   Stab: Sleeping          |     1 |       |       |       ||     1
 Armour: Animal skin       |    11 |       |       |       ||    11
         Chain mail        |    32 |    99 |   173 |   222 ||   526
  Dodge: Dodged            |    49 |    71 |   169 |   290 ||   579

Table legend: (Time is in decaauts)
 A = Elapsed time spent in this place.
 B = Non-inter-level travel time spent in this place.
 C = Inter-level travel time spent in this place.
 D = Time resting spent in this place.
 E = Time spent auto-exploring this place.
 F = Levels seen in this place.
 G = Mean time per level.
                   A        B        C        D        E       F      G
               +--------+--------+--------+--------+--------+-----+--------+
         Total |  10429 |   9295 |   1134 |      0 |   7401 |  13 |  802.2 |
       Dungeon |  10106 |   8972 |   1134 |      0 |   7261 |  12 |  842.2 |
        Bailey |    322 |    322 |      0 |      0 |    140 |   1 |  322.0 |
               +--------+--------+--------+--------+--------+-----+--------+

Top non-repeatable levels by time:
     D:3: 1067 daAuts
     D:9: 1029 daAuts
    D:10: 998 daAuts
     D:7: 994 daAuts
     D:5: 950 daAuts
     D:2: 884 daAuts
     D:1: 838 daAuts
     D:6: 820 daAuts
    D:11: 775 daAuts
     D:8: 775 daAuts
     D:4: 511 daAuts
    D:12: 461 daAuts
  Bailey: 322 daAuts
